 Dungeon Crawl Stone Soup version 0.27-a0-906-g0a00ce863d (webtiles) character file.

Game seed: 13322958403592352648

158 wakim the Insei (level 5, 0/33 HPs)
             Began as an Octopode Transmuter on Apr 6, 2021.
             Slain by an adder (3 damage)
             ... on level 3 of the Dungeon.
             The game lasted 00:04:30 (2726 turns).

wakim the Insei (Octopode Transmuter)               Turns: 2726, Time: 00:04:31

Health: 0/33       AC:  1    Str:  8 (9)  XL:     5   Next: 39%
Magic:  4/8        EV: 13    Int: 13 (16) God:
Gold:   114        SH:  0    Dex: 12 (13) Spells: 4/8 levels left

rFire    . . .     SeeInvis .     - Unarmed
rCold    . . .     Faith    .   (no shield)
rNeg     + . .     Spirit   .   (helmet currently unavailable)
rPois    .         Reflect  .   (no amulet)
rElec    .         Harm     .   e - ring of positive energy
rCorr    .         Rampage  .   (no ring)
Will     .....                  (no ring)
Stlth    +++.......             (no ring)
HPRegen  0.11/turn              (no ring)
MPRegen  0.11/turn              (no ring)
                                (no ring)
                                (no ring)

@: appendages
A: tentacle spike 3, almost no armour, amphibious, 8 rings, camouflage 1,
gelatinous body 1, (nimble swimmer 1), tentacles
a: End Transformation


You were on level 3 of the Dungeon.
One of your tentacles had grown a beastly spike.
You visited 1 branch of the dungeon, and saw 3 of its levels.

You collected 114 gold pieces.

Inventory:

Jewellery
 e - a ring of positive energy (left tentacle)
Scrolls
 X - a scroll of fog
Potions
 a - 2 potions of curing {unknown}
 b - a potion of mutation {unknown}
 c - a potion of lignification {unknown}
 d - a potion of degeneration
 f - a potion of flight {unknown}


   Skills:
 - Level 1.0 Fighting
 - Level 2.0 Dodging
 - Level 4.0 Stealth
 * Level 5.1 Unarmed Combat
 - Level 2.0 Spellcasting
 - Level 2.0 Transmutations


You had 4 spell levels left.
You knew the following spells:

 Your Spells              Type           Power      Damage    Failure   Level
a - Beastly Appendage     Tmut           12%        N/A       11%         1
x - Spider Form           Tmut/Pois      1%         N/A       45%         3

Your spell library contained the following spells:

 Spells                   Type           Power      Damage    Failure   Level
 Wereblood                Tmut           6%         N/A       17%         2
 Confusing Touch          Hex            1%         N/A       58%         3
 Gell's Gravitas          Tloc           0%         N/A       58%         3
 Ice Form                 Ice/Tmut       3%         N/A       86%         4
 Petrify                  Tmut/Erth      3%         N/A       86%         4
 Hydra Form               Tmut           3%         N/A       97%         5
 Yara's Violent Unravell  Hex/Tmut       1%         3d3       99%         5
 Metabolic Englaciation   Hex/Ice        0%         N/A       100%        5


Dungeon Overview and Level Annotations

Branches:
Dungeon (3/15)

Altars:
Dithmenos
The Shining One

Annotations:
D:3 Capylives's ghost, weakling PaFi


Innate Abilities, Weirdness & Mutations

One of your tentacles has grown a beastly spike.
You cannot wear most types of armour.
You are amphibious.
You can wear up to eight rings at the same time.
Your skin changes colour to match your surroundings (Stealth+).
Your rubbery body absorbs attacks. (AC +1, EV +1)
((You are camouflaged near water. (Stealth+)))
You have tentacles for arms and can constrict up to eight enemies at once.


Message History

You bite the bullfrog!
The bullfrog is poisoned.
The bullfrog is heavily wounded.
The bullfrog barely misses you.
You bite the bullfrog!
The bullfrog looks as sick as possible!
The bullfrog is almost dead.
The bullfrog hits you!
* * * LOW HITPOINT WARNING * * *
Your transformation is almost over.
You kill the bullfrog!
Your Unarmed Combat skill increases to level 5!
You have reached level 5!
You feel agile.
You barely miss the adder. The adder closely misses you. The adder misses you.
You hit the adder.
The adder is poisoned.
The adder is moderately wounded.
The adder misses you. The adder bites you.
* * * LOW HITPOINT WARNING * * *
The adder misses you.
You bite the adder!
The adder is severely wounded.
The adder misses you. x2
You hit the adder.
The adder is poisoned.
The adder is almost dead.
The adder bites you.
* * * LOW HITPOINT WARNING * * *
The adder barely misses you.
Casting: Spider Form (extremely dangerous; 61% risk of failure)
Confirm with . or Enter, or press ? or * to list all spells.
Your transformation has ended.
One of your tentacles grows a vicious spike.
The adder closely misses you. The adder bites you.
* * * LOW HITPOINT WARNING * * *
The adder misses you.
It was a potion of degeneration.
There was something very wrong with that liquid.
You feel weakened.
You feel dopey.
You feel clumsy.
d - a potion of degeneration;
a - 2 sedimented purple potions You kill the adder!
The adder bites you.
You die...

# #...#.# #.# #.# # ##.##.###.#
#.# # #........#####.## #
####............## #
#..######.....### #
#...............##
#...#####.#......#
#......##.#.......
#@########.......#
#S†W≈≈≈[≈##.#...##
#.#########.##### ###########
#...#####.#.#### #.........#
###............#
#.#######.#############.##.##.#
#.# #.........# ##.##.##.###
#.##### #..###.##.#
##..##....... ......# #..#
#.##.###.#.##..#.###


You could see Capylives's ghost and an adder (very poisoned).

Vanquished Creatures
  A bullfrog (D:3)
  A bullfrog zombie (D:2)
  Jessica (D:3)
  An adder (D:3)
  2 dart slugs
  An orc (D:3)
  6 ball pythons
  2 endoplasms (D:1)
  3 giant cockroaches
  4 goblins
  2 hobgoblins
  2 kobolds
  4 bats
  8 frilled lizards
  4 rats
42 creatures vanquished.

Notes
Turn   | Place    | Note
-------+----------+-------------------------------------------
     0 | D:1      | wakim the Octopode Transmuter began the quest for the Orb.
     0 | D:1      | Reached XP level 1. HP: 13/13 MP: 3/3
   236 | D:1      | Reached skill level 1 in Stealth
   421 | D:1      | Reached XP level 2. HP: 18/18 MP: 3/5
   643 | D:1      | Found a faded altar of an unknown god.
   730 | D:2      | Found a shadowy altar of Dithmenos.
   741 | D:2      | Reached XP level 3. HP: 21/23 MP: 4/6
  1167 | D:2      | Reached skill level 4 in Unarmed Combat
  1167 | D:2      | Reached XP level 4. HP: 27/28 MP: 5/7
  1237 | D:2      | Learned a level 3 spell: Spider Form
  1556 | D:3      | Found a glowing golden altar of the Shining One.
  1653 | D:3      | Found a runed translucent door.
  1654 | D:3      | Noticed a bullfrog
  1658 | D:3      | Noticed Capylives's ghost (weakling PaFi)
  2242 | D:3      | Noticed Jessica
  2251 | D:3      | Killed Jessica
  2720 | D:3      | Killed a bullfrog
  2721 | D:3      | Reached skill level 5 in Unarmed Combat
  2721 | D:3      | Reached XP level 5. HP: 8/33 MP: 4/8
  2726 | D:3      | Slain by an adder

Illustrated notes

Levels and vault maps discovered:
D:1:      dpeg_arrival_short_road, layout_rooms,
          chequers_ecumenical_altar_simple_redux, minmay_lizard_pond
D:2:      layout_rooms, basic_altar
D:3:      layout_loops_corners, old_standard_altar, ebering_ghost_sewer_d,
          uniq_jessica

Skill      XL: |  1  2  3  4 |
---------------+-------------+-----
Stealth        | 1 3 4 |  4.0
Unarmed Combat | 4 5 |  5.1
Fighting       | |  1.0
Dodging        | |  2.0
Spellcasting   | |  2.0
Transmutations | |  2.0

Action                   |  1- 3 |  4- 6 || total
-------------------------+-------+-------++-------
Melee: Unarmed           |    56 |    40 ||    96
       Constrict         |    13 |     6 ||    19
       Kick              |     8 |       ||     8
       Tentacles         |     6 |     3 ||     9
 Cast: Beastly Appendage |    14 |     4 ||    18
       Spider Form       |       |     2 ||     2
  Use: Scroll            |     1 |     5 ||     6
       Potion            |       |     1 ||     1
 Stab: Sleeping          |     3 |     3 ||     6
Armor: Skin              |     4 |     3 ||     7
Dodge: Dodged            |    23 |    25 ||    48

Table legend: (Time is in decaauts)
 A = Elapsed time spent in this place.
 B = Non-inter-level travel time spent in this place.
 C = Inter-level travel time spent in this place.
 D = Time resting spent in this place.
 E = Time spent auto-exploring this place.
 F = Levels seen in this place.
 G = Mean time per level.
                   A        B        C        D        E       F      G
               +--------+--------+--------+--------+--------+-----+--------+
         Total |   2719 |   2626 |     93 |      0 |   2261 |   3 |  906.3 |
       Dungeon |   2719 |   2626 |     93 |      0 |   2261 |   3 |  906.3 |
               +--------+--------+--------+--------+--------+-----+--------+

Top non-repeatable levels by time:
     D:3: 1175 daAuts
     D:2: 816 daAuts
     D:1: 727 daAuts
